 Dungeon Crawl Stone Soup version 0.29-a0-553-g81b289dbe5 (webtiles) character file.

Game seed: 14263992366355022045

42 Hubjo the Insei (level 3, -2/27 HPs)
             Began as a Demonspawn Transmuter on June 6, 2022.
             Was a Follower of Sif Muna.
             Slain by a goblin
             ... wielding a +2 dagger of flaming
             ... led by Robin
              (3 damage)
             ... on level 2 of the Dungeon.
             The game lasted 00:02:04 (1594 turns).

Hubjo the Insei (Demonspawn Transmuter)             Turns: 1594, Time: 00:02:04

Health: -2/27      AC:  2    Str:  9 (10) XL:     3   Next: 35%
Magic:  6/6        EV: 14    Int: 12 (14) God:    Sif Muna [*.....]
Gold:   83         SH:  0    Dex: 19 (21) Spells: 5/6 levels left

rFire   . . .      SeeInvis .     - Unarmed
rCold   . . .      Faith    .   (no shield)
rNeg    . . .      Spirit   .   a - +0 robe
rPois   .          Reflect  .   (no helmet)
rElec   .          Harm     .   (no cloak)
rCorr   .          Rampage  .   (no gloves)
Will    .....                   (no boots)
Stlth   ++........              (no amulet)
HPRegen 0.09/turn               e - +6 ring of dexterity
MPRegen 0.10/turn               (no ring)

@: no status effects
A: repulsion field 1, foul stench 1
a: Renounce Religion, Channel Magic


You were on level 2 of the Dungeon.
You worshipped Sif Muna.
Sif Muna was aware of your devotion.
You visited 1 branch of the dungeon, and saw 2 of its levels.

You collected 83 gold pieces.

Inventory:

Armour
 a - a +0 robe (worn)
Jewellery
 e - a +6 ring of dexterity (left hand)
Scrolls
 c - a scroll of blinking {unknown}
 h - a scroll of amnesia {unknown}
Potions
 b - 2 potions of lignification
 g - a potion of berserk rage


   Skills:
 * Level 2.0 Fighting
 - Level 1.7 Dodging
 + Level 1.1 Stealth
 + Level 2.9 Unarmed Combat
 + Level 2.2 Spellcasting
 + Level 2.1 Transmutations


You had 5 spell levels left.
You knew the following spells:

 Your Spells              Type           Power      Damage    Failure   Level
a - Beastly Appendage     Tmut           12%        N/A       11%         1

Your spell library contained the following spells:

 Spells                   Type           Power      Damage    Failure   Level
 Wereblood                Tmut           6%         N/A       17%         2
 Passwall                 Tmut/Erth      2%         N/A       26%         2
 Ensorcelled Hibernation  Hex/Ice        2%         N/A       38%         2
 Spider Form              Tmut/Pois      3%         N/A       45%         3
 Swiftness                Air            1%         N/A       63%         3
 Ice Form                 Ice/Tmut       3%         N/A       86%         4
 Olgreb's Toxic Radiance  Pois           1%         N/A       95%         4
 Ozocubu's Refrigeration  Ice            0%         4d5       100%        7
 Ignition                 Fire           0%         3d3       100%        8


Dungeon Overview and Level Annotations

Branches:
Dungeon (2/15)

Altars:
Sif Muna

Annotations:
D:2 Robin


Innate Abilities, Weirdness & Mutations

You are surrounded by a mild repulsion field. (EV +2)
You may rarely emit foul miasma when damaged in melee.


Message History

You see here a book of Blood.
You closely miss the goblin. The goblin barely misses you. x2
The hobgoblin shouts!
You hit the goblin.
The goblin is moderately wounded.
A goblin comes into view. It is wielding a +0 dagger.
The goblin hits you but does no damage. The goblin barely misses you.
You closely miss the goblin.
The goblin is moderately wounded.
The goblin hits you with a +0 club. The goblin hits you with a +0 dagger.
You emit a cloud of foul miasma!
Your magical contamination has completely faded away.
You hit the goblin. You punch the goblin.
You kill the goblin!
Sif Muna accepts your kill.
Robin roars a battlecry!
The goblins go into a battle-frenzy!
The goblin is engulfed in dark miasma.
The goblin is poisoned.
You kill the goblin!
Sif Muna accepts your kill.
A goblin comes into view. It is wielding a +0 club.
The goblin attacks as you move away!
The goblin hits you with a +2 dagger of flaming.
The goblin burns you.
Robin says, "My goblins will feast on your bones."
Robin throws the goblin at you! The goblin hits you with a +0 club.
Things that are here:
a +0 dagger; a scroll labelled EPTUAZ RIORAOG You miss the goblin.
The goblin hits you with a +0 club.
* * * LOW HITPOINT WARNING * * *
Robin throws the goblin at you!
* * * LOW HITPOINT WARNING * * *
The goblin is engulfed in dark miasma.
The goblin is poisoned.
You kill the goblin!
Sif Muna accepts your kill. The goblin closely misses you.
The goblin hits you with a +2 dagger of flaming.
* * * LOW HITPOINT WARNING * * *
The goblin burns you.
You die...

#.....#......
#.....!......
#.....#.#...
#....##..#
####....<).#
#$.........#
#g####.###.#
#°g.>..# #.#
#@###### #..
#g# #.#


gg# .# ##g# # .gg ... ... ##.## You could see Robin, a hobgoblin (strong) and 6
goblins.

Vanquished Creatures
  An adder (D:2)
  5 ball pythons
  2 bats (D:2)
  An endoplasm (D:1)
  8 goblins
  A hobgoblin (D:2)
  3 jackals (D:1)
  2 quokkas (D:1)
  3 frilled lizards
  4 kobolds (D:1)
30 creatures vanquished.

Notes
Turn   | Place    | Note
-------+----------+-------------------------------------------
     0 | D:1      | Hubjo the Demonspawn Transmuter began the quest for the
                  | Orb.
     0 | D:1      | Reached XP level 1. HP: 15/15 MP: 3/3
   326 | D:1      | Gained mutation: You may rarely emit foul miasma when
                  | damaged in melee. [demonic ancestry]
   326 | D:1      | Reached XP level 2. HP: 18/21 MP: 3/5
   725 | D:1      | Found a faded altar of an unknown god.
   737 | D:1      | Prayed at the altar of an unknown god.
   737 | D:1      | Became a worshipper of Sif Muna the Loreminder
   737 | D:1      | Reached * piety under Sif Muna
  1019 | D:2      | Reached skill level 1 in Stealth
  1259 | D:2      | Gained mutation: You are surrounded by a mild repulsion
                  | field. (EV +2) [demonic ancestry]
  1259 | D:2      | Reached XP level 3. HP: 25/27 MP: 4/6
  1586 | D:2      | Noticed Robin
  1594 | D:2      | HP: 1/27 [goblin/+2 dagger of flaming[Robin] (5)]
  1594 | D:2      | Slain by a goblin

Illustrated notes

Levels and vault maps discovered:
D:1:      psy_arrival_statuary, layout_rooms,
          hellmonk_ecumenical_altar_leap_of_faith
D:2:      layout_loops_ring, columned_hall_lemuel, uniq_robin

Skill      XL: |  1  2  3 |
---------------+----------+-----
Transmutations | 2 |  2.1
Stealth        | 1 |  1.1
Fighting       | 2 |  2.0
Dodging        | |  1.7
Unarmed Combat | |  2.9
Spellcasting   | |  2.2

Action                   || total
-------------------------++-------
Melee: Unarmed           ||    71
       Kick              ||    11
       Punch             ||     3
       Headbutt          ||     2
 Cast: Beastly Appendage ||    23
  Use: Potion            ||     5
 Stab: Sleeping          ||     3
Armor: Robe              ||    10
Dodge: Dodged            ||    45

Table legend: (Time is in decaauts)
 A = Elapsed time spent in this place.
 B = Non-inter-level travel time spent in this place.
 C = Inter-level travel time spent in this place.
 D = Time resting spent in this place.
 E = Time spent auto-exploring this place.
 F = Levels seen in this place.
 G = Mean time per level.
                   A        B        C        D        E       F      G
               +--------+--------+--------+--------+--------+-----+--------+
         Total |   1601 |   1566 |     35 |      0 |   1341 |   2 |  800.5 |
       Dungeon |   1601 |   1566 |     35 |      0 |   1341 |   2 |  800.5 |
               +--------+--------+--------+--------+--------+-----+--------+

Top non-repeatable levels by time:
     D:1: 943 daAuts
     D:2: 657 daAuts
